 Dungeon Crawl Stone Soup version 0.24.0-125-gc4c63601f3 (webtiles) character file.

Game seed: 8212346689508283298, levelgen mode: deterministic

1510 alexstrugazki the Covered (level 9, -5/69 HPs)
             Began as a Human Fighter on Feb 25, 2020.
             Was an Initiate of Ru.
             Killed from afar by an electric eel (9 damage)
             ... with a bolt of electricity
             ... on level 10 of the Dungeon.
             The game lasted 00:53:18 (7048 turns).

alexstrugazki the Covered (Human Fighter)           Turns: 7048, Time: 00:53:18

Health: -5/69      AC: 16    Str: 18    XL:     9   Next: 9%
Magic:  14/14      EV:  5    Int:  8    God:    Ru [......]
Gold:   246        SH: 10    Dex: 13    Spells: 14/14 levels left

rFire    . . .     SeeInvis .   a - +2 long sword
rCold    . . .     Gourm    +   i - +0 shield {rPois}
rNeg     . . .     Faith    .   B - +0 plate armour
rPois    +         Spirit   .   (helmet restricted)
rElec    .         Reflect  .   (no cloak)
rCorr    .         Harm     .   r - +0 pair of gloves
MR       .....                  (no boots)
Stlth    ..........             t - amulet of the gourmand
HPRegen  0.21/turn              e - +2 ring of protection
MPRegen  0.14/turn              (no ring)

@: no status effects
A: fangs 1, horns 1, weak 1
a: Sacrifice Courage, Sacrifice a Hand, Sacrifice Purity, Reject Sacrifices,
Renounce Religion


You were on level 10 of the Dungeon.
You worshipped Ru.
Ru was noncommittal.
You were not hungry.

You visited 2 branches of the dungeon, and saw 10 of its levels.

You collected 246 gold pieces.

Inventory:

Hand Weapons
 a - a +2 long sword (weapon)
Missiles
 o - 120 stones (quivered)
Armour
 b - a +1 scale mail
 c - a +0 shield
 g - a +0 robe
 i - a +0 shield of poison resistance (worn)
 r - a +0 pair of gloves (worn)
 B - a +0 plate armour (worn)
Jewellery
 e - a +2 ring of protection (left hand)
 k - an uncursed ring of protection from fire {unknown}
 l - an uncursed ring of magical power {unknown}
 p - a cursed amulet of inaccuracy
 t - an amulet of the gourmand (around neck)
Wands
 n - a wand of polymorph (12)
 y - a wand of iceblast (3)
 A - a wand of random effects (14)
Scrolls
 h - 3 scrolls of amnesia
 m - 2 scrolls of identify
 q - 2 scrolls of magic mapping
 s - 2 scrolls of remove curse
Potions
 d - a potion of ambrosia
 j - a potion of cancellation
 v - a potion of berserk rage {unknown}
 w - a potion of lignification {unknown}
 z - a potion of heal wounds {unknown}
Comestibles
 f - 2 rations


   Skills:
 + Level 5.7 Fighting
 + Level 6.4 Long Blades
 + Level 3.8 Throwing
 + Level 6.5 Armour
 + Level 4.1 Dodging
 + Level 4.4 Stealth
 + Level 6.0 Shields
 + Level 3.7 Unarmed Combat
 + Level 3.3 Spellcasting
 + Level 0.1 Evocations


You had 14 spell levels left.
You didn't know any spells.
Your spell library contained the following spells:

 Spells                   Type           Power        Failure   Level  Hunger
 Beastly Appendage        Tmut           #.....       100%        1    ##.....
 Infusion                 Chrm           #...         100%        1    ##.....
 Shroud of Golubria       Chrm/Tloc      #.....       100%        2    ###....
 Song of Slaying          Chrm           #.......     100%        2    ###....
 Sticks to Snakes         Tmut           #.......     100%        2    ###....
 Regeneration             Chrm/Necr      #.........   100%        3    ####...
 Spectral Weapon          Hex/Chrm       #.......     100%        3    ####...
 Spider Form              Tmut/Pois      #.........   100%        3    ####...
 Ice Form                 Ice/Tmut       #.......     100%        4    #####..
 Blade Hands              Tmut           #.........   100%        5    ######.


Dungeon Overview and Level Annotations

Branches:
Dungeon (10/15)            Temple (1/1) D:5
   Lair: D:8-11         Orc: D:9-12

Altars:
Ashenzari
Cheibriados
Dithmenos
Elyvilon
Fedhas
Gozag
Hepliaklqana
Makhleb
Nemelex Xobeh
Okawaru
Qazlal
Ru
Sif Muna
Trog
Uskayaw
Vehumet
Wu Jian
Xom
Yredelemnul
Zin
The Shining One

Annotations:
D:6 Blork the orc, Dowan, Duvessa


Innate Abilities, Weirdness & Mutations

You have very sharp teeth.
You have a pair of small horns on your head.
You are weak. (Str -2)


Message History

The orc wizard casts a spell.
The orc wizard flickers and vanishes!
Deactivating autopickup; reactivate with Ctrl-A.
The orc hits you but does no damage.
There is a stone staircase leading down here.
The bullfrog skeleton hits you but does no damage.
You block the bullfrog skeleton's attack.
The orc hits you but does no damage.
You climb downwards.
Reactivating autopickup.
A hippogriff and 2 electric eels come into view.
The hippogriff screeches!
An electric eel comes into view.
Found a potion of flight.
There is a stone staircase leading up here.
The electric eel shoots out a bolt of lightning at you!
The bolt of electricity hits the orc!
The orc dies!
The bolt of electricity hits you!
You die...

#≈≈≈≈≈≈≈≈≈≈≈≈≈≈
≈≈≈≈≈≈≈≈≈≈≈≈≈≈;
≈≈≈≈≈≈≈≈≈≈≈≈≈≈≈
≈≈≈≈≈≈≈;≈≈#≈≈
≈≈≈H≈≈;≈≈≈≈≈
#≈≈≈≈≈≈≈.≈≈
##..)......
#..@# #..## ##.
#! ##


You could see a hippogriff and 3 electric eels.

Vanquished Creatures
  Grinder (D:4)
  Edmund (D:4)
  An ice beast (D:6)
  2 centaurs
  A tengu (D:4)
  A bullfrog (D:7)
  3 scorpions
  5 crimson imps
  A centaur zombie (D:5)
  A hound (D:5)
  Jessica (D:2)
  A centaur skeleton (D:5)
  Terence (D:3)
  Ijyb (D:3)
  2 worker ants (D:5)
  A howler monkey zombie (D:5)
  8 adders
  A shadow imp (D:5)
  2 oozes (D:1)
  A worm (D:3)
  A dart slug (D:1)
  3 leopard geckos
  3 orcs
  7 bats
  4 giant cockroaches
  7 goblins
  12 hobgoblins
  10 jackals
  2 quokkas
  A ball python (D:1)
  5 frilled lizards
  3 kobolds
  7 rats
101 creatures vanquished.

Vanquished Creatures (others)
  An orc (D:10)
1 creature vanquished.

Grand Total: 102 creatures vanquished

Notes
Turn   | Place    | Note
-------+----------+-------------------------------------------
     0 | D:1      | alexstrugazki the Human Fighter began the quest for the
                  | Orb.
     0 | D:1      | Reached XP level 1. HP: 18/18 MP: 1/1
   146 | D:1      | Reached XP level 2. HP: 18/24 MP: 2/2
   271 | D:1      | Reached XP level 3. HP: 24/29 MP: 3/3
  1024 | D:2      | Reached XP level 4. HP: 35/35 MP: 4/4
  1510 | D:3      | Reached XP level 5. HP: 22/41 MP: 5/5
  1515 | D:3      | Reached skill level 5 in Fighting
  1515 | D:3      | Reached skill level 5 in Long Blades
  1515 | D:3      | Reached skill level 5 in Armour
  1515 | D:3      | Reached skill level 5 in Shields
  1515 | D:3      | Reached XP level 6. HP: 22/51 MP: 5/11
  1560 | D:3      | Noticed Jessica
  1986 | D:2      | Killed Jessica
  2061 | D:3      | Noticed Ijyb
  2075 | D:3      | Killed Ijyb
  2281 | D:3      | Noticed Terence
  2742 | D:3      | Killed Terence
  2861 | D:4      | Found a hide-covered altar of Uskayaw.
  2861 | D:4      | Noticed a +0 hand axe
  2862 | D:4      | Noticed a +0 dagger
  2892 | D:4      | Reached XP level 7. HP: 53/56 MP: 12/12
  3057 | D:4      | Noticed Grinder
  3067 | D:4      | Paralysed by Grinder for 5 turns
  4173 | D:4      | Found a sacrificial altar of Ru.
  4194 | D:4      | Found a white marble altar of Elyvilon.
  4205 | D:4      | Found a bloodstained altar of Trog.
  4207 | D:4      | Found a snail-covered altar of Cheibriados.
  4213 | D:4      | Found a shimmering altar of Xom.
  4214 | D:4      | Found a shimmering blue altar of Sif Muna.
  4261 | D:4      | Became a worshipper of Ru the Awakened
  4370 | D:4      | Gained mutation: You have a pair of small horns on your
                  | head. [potion of mutation]
  4370 | D:4      | Gained mutation: You are weak. (Str -2) [potion of
                  | mutation]
  4370 | D:4      | Gained mutation: You have very sharp teeth. [potion of
                  | mutation]
  4371 | D:4      | Paralysed by Grinder for 4 turns
  4379 | D:4      | Killed Grinder
  4459 | D:4      | Noticed Edmund
  4470 | D:4      | Killed Edmund
  4470 | D:4      | Reached XP level 8. HP: 63/63 MP: 13/13
  4494 | D:4      | d:4
  4557 | D:5      | Entered Level 5 of the Dungeon
  4821 | D:5      | Found a staircase to the Ecumenical Temple.
  4838 | Temple   | Entered the Ecumenical Temple
  6588 | D:6      | Noticed Duvessa
  6588 | D:6      | Noticed Dowan
  6588 | D:6      | Noticed Blork the orc
  6852 | D:7      | Reached XP level 9. HP: 66/68 MP: 14/14
  6954 | D:7      | You fall into a shaft and drop 3 floors!
  6954 | D:10     | Entered Level 10 of the Dungeon
  7035 | D:9      | HP: 1/69 [orc priest/divine providence (14)]
  7047 | D:10     | Noticed a hippogriff
  7048 | D:10     | Killed from afar by an electric eel

Levels and vault maps discovered:
D:1:      mrwooster_arrival_arrow, layout_loops_ring, minmay_heptomino_w4
D:2:      layout_basic, st_stairs_12
D:3:      layout_rooms, first_ration, uniq_jessica, uniq_ijyb, uniq_terence
D:4:      layout_basic, grunt_temple_overflow_open, dancing_weapons_uskayaw,
          uniq_grinder, uniq_edmund
D:5:      layout_basic, temple_pool_b
D:6:      minmay_spotlight, layout_basic, nicolae_overflow_crystal_walls,
          chequers_garden, uniq_duvessa, uniq_blork_the_orc
D:7:      layout_rooms
D:9:      minmay_slanted_spiral_squares, layout_cave_pools, grunt_livestock,
          uniq_prince_ribbit1
D:10:     erik_rubicon_a, layout_loops_corners, david_orc_2
Temple:   zaba_magenta_temple

Skill      XL: |  1  2  3  4  5  6  7  8 |
---------------+-------------------------+-----
Long Blades    | 3 5 6 |  6.4
Fighting       | 5 |  5.7
Throwing       | 3 |  3.8
Armour         | 5 6 |  6.5
Dodging        | 3 4 |  4.1
Stealth        | 4 |  4.4
Shields        | 5 6 |  6.0
Unarmed Combat | 3 |  3.7
Spellcasting   | 3 |  3.3
Evocations     | |  0.1

Action                   |  1- 3 |  4- 6 |  7- 9 || total
-------------------------+-------+-------+-------++-------
Melee: Long sword        |    91 |   135 |   177 ||   403
       Unarmed           |       |     5 |       ||     5
       Headbutt          |       |       |    37 ||    37
       Bite              |       |       |    17 ||    17
Throw: Stone             |       |     7 |     9 ||    16
Evoke: Wand              |       |       |     2 ||     2
  Use: Potion            |     1 |     2 |     5 ||     8
       Scroll            |       |     5 |    10 ||    15
 Stab: Sleeping          |       |       |     1 ||     1
  Eat: Chunk             |       |     1 |       ||     1
       Ration            |       |     2 |     4 ||     6
Armor: Scale mail        |    28 |    68 |    70 ||   166
       Skin              |       |     3 |       ||     3
       Plate armour      |       |       |    15 ||    15
Dodge: Dodged            |    25 |    54 |    77 ||   156
Block: Shield            |    41 |    71 |   108 ||   220
       Rpst.: Long sword |    13 |     9 |    28 ||    50
